 Dungeon Crawl Stone Soup version 0.31.0-7-gf635a9b802 (webtiles) character file.

Game seed: 14110010097053528487

55 Strat the Covered (level 3, -2/24 HPs)
             Began as a Gargoyle Fighter on Jan 23, 2024.
             Killed by divine providence
             ... invoked by an orc priest
              (14 damage)
             ... on level 4 of the Dungeon.
             The game lasted 00:02:27 (2023 turns).

Strat the Covered (Gargoyle Fighter)                Turns: 2023, Time: 00:02:28

Health: -2/24      AC: 10    Str: 21    XL:     3   Next: 93%
Magic:  3/3        EV:  9    Int:  8    God:
Gold:   129        SH:  4    Dex:  9    Spells: 2/2 levels left

rFire   . . .        a - +0 flail
rCold   . . .        c - +0 buckler
rNeg    + . .        b - +0 scale mail
rPois   ∞            (no helmet)
rElec   +            (no cloak)
rCorr   .            (no gloves)
SInv    .            (no boots)
Will    .....        (no amulet) Stlth
                     (no ring)
HPRegen 0.24/turn    (no ring)
MPRegen 0.08/turn

%: no passive effects
@: no status effects
A: sickness immunity, AC +3, negative energy resistance 1, electricity
resistance, torment resistance 1, petrification resistance
a: no special abilities


You were on level 4 of the Dungeon.
You visited 1 branch of the dungeon, and saw 4 of its levels.

You collected 129 gold pieces.

Inventory:

Hand Weapons
 a - a +0 flail (weapon)
Missiles
 h - 3 boomerangs (quivered)
Armour
 b - a +0 scale mail (worn)
 c - a +0 buckler (worn)
Jewellery
 k - an amulet of the acrobat
Scrolls
 e - 4 scrolls of teleportation {unknown}
 q - a scroll of identify {unknown}
 r - a scroll of fear {unknown}
 s - a scroll of noise {unknown}
Potions
 d - a potion of might
 f - a potion of heal wounds {unknown}
 g - a potion of mutation {unknown}
 i - a potion of attraction {unknown}
 j - 2 potions of degeneration {unknown}
 l - a potion of curing {unknown}
 m - a potion of berserk rage {unknown}
 n - a potion of brilliance {unknown}
 o - a potion of cancellation {unknown}
 p - a potion of magic {unknown}


   Skills:
 + Level 3.7 Fighting
 * Level 3.1 Maces & Flails
 + Level 3.8 Armour
 - Level 3.3 Shields


You had 2 spell levels left.
You didn't know any spells.
Your spell library contained the following spells:

 Spells                   Type           Power      Damage    Failure   Level
 Freeze                   Ice            0%         1d3       82%         1
 Frozen Ramparts          Ice            0%         1d1       99%         3
 Hailstorm                Conj/Ice       0%         3d5       99%         3


Dungeon Overview and Level Annotations

Branches:
Dungeon (4/15)
 Temple: D:4-7

Altars:

Annotations:
D:1 1 runed translucent door


Innate Abilities, Weirdness & Mutations

You are immune to sickness and miasma.
Your stone body is resilient. (AC +3)
You are immune to poison.
You resist negative energy. (rN+)
You are resistant to electric shocks. (rElec)
You are resistant to unholy torment.
You are immune to petrification.


Message History

Beogh smites you!
* * * LOW HITPOINT WARNING * * *
Something unseen opens the door.
You block the orc priest's attack.
You hit the orc priest.
The orc priest is lightly wounded.
The orc priest misses you.
You barely miss the orc priest.
The orc priest is lightly wounded.
The orc priest looks satisfied for a moment.
You hit the orc priest.
The orc priest is moderately wounded.
The orc priest hits you but does no damage.
You block the orc's attack.
You hit the orc priest.
The orc priest is severely wounded.
The orc priest hits you but does no damage.
The orc barely misses you.
The orc priest hits you but does no damage.
The orc hits you but does no damage.
You closely miss the orc priest.
The orc priest is severely wounded.
The orc priest hits you with a +0 club.
* * * LOW HITPOINT WARNING * * *
The orc closely misses you.
Unknown command.
You completely miss the orc priest.
The orc priest is severely wounded.
The orc priest hits you but does no damage.
The orc closely misses you.
You hit the orc priest.
The orc priest is almost dead.
The orc priest begins to cast a cantrip, but forgets the words!
You block the orc's attack.
You completely miss the orc priest.
The orc priest is almost dead.
The orc priest invokes the aid of Beogh against you.
Beogh smites you!
Ouch! That really hurt!
You die...

#.. ... #.# ...
#.# #.#
#)###o.#
#.#...#
###...#####
#...#.....#
#..>o.....##
#..o#@.....#.
#...#o.......
###...#.......#
#...........#.#
#.......###.#.#
#.......# .#
#.......# #
#.......#
#......[#


You could see an orc priest and an orc.

Vanquished Creatures
  2 dart slugs
  2 orcs (D:4)
  4 ball pythons
  4 bats
  8 endoplasms
  2 giant cockroaches (D:1)
  A goblin (D:2)
  4 hobgoblins
  7 jackals
  2 quokkas
  A frilled lizard (D:1)
  A kobold (D:1)
  3 rats
41 creatures vanquished.

Notes
Turn   | Place    | Note
-------+----------+-------------------------------------------
     0 | D:1      | Strat the Gargoyle Fighter began the quest for the Orb.
     0 | D:1      | Reached XP level 1. HP: 14/14 MP: 1/1
     0 | D:1      | Noticed a jelly
     2 | D:1      | Found a runed translucent door.
   174 | D:1      | Reached XP level 2. HP: 18/19 MP: 2/2
   892 | D:2      | Reached XP level 3. HP: 23/23 MP: 3/3
  1957 | D:3      | You fall into a shaft and drop 1 floor!
  2023 | D:4      | Killed from afar by an orc priest

Illustrated notes

Levels and vault maps discovered:
D:1:      dpeg_arrival_caged_fury, layout_loops_ring
D:2:      wander_river, layout_basic, minivault_24, kennysheep_decorative_pillar
D:3:      layout_basic, mainiacjoe_overflow_alcove_4, grunt_decor_arrowhead
D:4:      layout_basic, bloody_makhleb, serial_shops, nicolae_shop_mannequins

Skill      XL: |  1  2  3 |
---------------+----------+-----
Maces & Flails | 3 |  3.1
Fighting       | |  3.7
Armour         | |  3.8
Shields        | |  3.3

Action                     || total
---------------------------++-------
  Melee: Flail             ||   146
 Armour: Scale mail        ||   124
  Dodge: Dodged            ||    89
  Block: Buckler           ||    31
